 Dungeon Crawl Stone Soup version 0.21-b1-21-g86478ac299 (webtiles) character file.

53169 Merkknight the Severer (level 14, 0/135 HPs)
             Began as a Minotaur Berserker on Jan 4, 2018.
             Was the Champion of Trog.
             Slain by a death yak (12 damage)
             ... on level 6 of the Lair of Beasts.
             The game lasted 00:56:31 (21076 turns).

Merkknight the Severer (Minotaur Berserker)        Turns: 21076, Time: 00:56:37

Health: 0/135      AC: 19    Str: 26    XL:     14   Next: 29%
Magic:  13/13      EV: 12    Int:  2    God:    Trog [******]
Gold:   1599       SH:  0    Dex: 13    Spells: 13/13 levels left

rFire    + . .     SeeInvis .   B - +4 executioner's axe (distort)
rCold    x . .     Gourm    .   (shield currently unavailable)
rNeg     . . .     Faith    .   R - +0 plate armour
rPois    .         Spirit   .   (helmet restricted)
rElec    .         Reflect  .   (no cloak)
rCorr    .         Harm     .   l - +0 pair of gloves
MR       +....     Rnd*Rage +   f - +0 pair of boots
Stlth    ..........             (no amulet)
HPRegen  0.32/turn              H - ring of stealth
MPRegen  0.13/turn              z - ring of fire

@: berserk cooldown, hasted and slowed
A: retaliatory headbutt, horns 2, agile 1, berserk 1, dopey 1
a: Berserk, Trog's Hand, Brothers in Arms, Burn Spellbooks, Renounce Religion


You were on level 6 of the Lair of Beasts.
You worshipped Trog.
Trog was exalted by your worship.
You were hungry.

You visited 4 branches of the dungeon, and saw 20 of its levels.

You collected 1599 gold pieces.

Inventory:

Hand Weapons
 i - a +1 antimagic battleaxe
 q - a +2 battleaxe of flaming
 x - a +0 war axe of chopping
 B - a +4 executioner's axe of distortion (weapon)
 N - the +11 hand axe of Darkness {freeze, -Tele rElec Int-4 SInv}
   (You found it on level 4 of the Lair of Beasts)

   It has been specially enchanted to freeze those struck by it, causing extra
   injury to most foes and up to half again as much damage against particularly
   susceptible opponents.
   It can also slow down cold-blooded creatures.
   It affects your intelligence (-4).
   It insulates you from electricity.
   It lets you see invisible.
   It prevents most forms of teleportation.
Armour
 f - a +0 pair of boots (worn)
 l - a +0 pair of gloves (worn)
 R - a +0 plate armour (worn)
Jewellery
 s - an uncursed ring of protection from magic {unknown}
 z - a ring of fire (right hand)
 G - a +4 ring of protection {unknown}
 H - a ring of stealth (left hand)
 J - the ring of Cougig {rF+ Int+3}
   (You found it on level 11 of the Dungeon)

   [ring of protection from fire]

   It affects your intelligence (+3).
   It protects you from fire.
Wands
 j - a wand of flame (97)
 m - a wand of disintegration (13)
 t - a wand of enslavement (18)
 O - a wand of paralysis (16)
 P - a wand of random effects (21)
Scrolls
 a - 3 scrolls of fog {unknown}
 d - 2 scrolls of torment {unknown}
 e - 5 scrolls of enchant armour {unknown}
 g - 12 scrolls of teleportation
 h - 8 scrolls of remove curse
 k - 3 scrolls of enchant weapon {unknown}
 n - 4 scrolls of random uselessness {unknown}
 p - a scroll of fear {unknown}
 r - 11 scrolls of identify
 K - a scroll of immolation {unknown}
 L - a scroll of brand weapon {unknown}
 M - a scroll of acquirement {unknown}
 Q - a scroll of amnesia {unknown}
Potions
 b - a potion of berserk rage
 o - a potion of haste
 u - a potion of lignification
 C - 3 potions of might
 E - 2 potions of flight
Books
 v - a book of Callings

   Spells                             Type                      Level
   a - Summon Small Mammal            Summoning                    1
   b - Call Imp                       Summoning                    2
   c - Call Canine Familiar           Summoning                    3
   d - Summon Guardian Golem          Hexes/Summoning              3
   e - Summon Lightning Spire         Summoning/Air                4
   f - Summon Ice Beast               Ice/Summoning                4
   Trog disapproves of the use of such an item.
 w - a book of Changes

   Spells                             Type                      Level
   a - Beastly Appendage              Transmutation                1
   b - Sticks to Snakes               Transmutation                2
   c - Spider Form                    Transmutation/Poison         3
   d - Ice Form                       Ice/Transmutation            4
   e - Blade Hands                    Transmutation                5
   Trog disapproves of the use of such an item.
 y - a book of Changes

   Spells                             Type                      Level
   a - Beastly Appendage              Transmutation                1
   b - Sticks to Snakes               Transmutation                2
   c - Spider Form                    Transmutation/Poison         3
   d - Ice Form                       Ice/Transmutation            4
   e - Blade Hands                    Transmutation                5
   Trog disapproves of the use of such an item.
 D - a book of Conjurations

   Spells                             Type                      Level
   a - Magic Dart                     Conjuration                  1
   b - Searing Ray                    Conjuration                  2
   c - Dazzling Spray                 Conjuration/Hexes            3
   d - Fulminant Prism                Conjuration/Hexes            4
   e - Force Lance                    Conjuration/Translocation    4
   f - Iskenderun's Mystic Blast      Conjuration                  4
   Trog disapproves of the use of such an item.
 F - a book of Minor Magic

   Spells                             Type                      Level
   a - Magic Dart                     Conjuration                  1
   b - Blink                          Translocation                2
   c - Call Imp                       Summoning                    2
   d - Slow                           Hexes                        2
   e - Conjure Flame                  Conjuration/Fire             3
   f - Mephitic Cloud                 Conjuration/Poison/Air       3
   Trog disapproves of the use of such an item.
 I - a book of Enchantments

   Spells                             Type                      Level
   a - Cause Fear                     Hexes                        4
   b - Yara's Violent Unravelling     Hexes/Transmutation          5
   c - Silence                        Hexes/Air                    5
   d - Deflect Missiles               Charms/Air                   6
   e - Discord                        Hexes                        8
   Trog disapproves of the use of such an item.
 S - a book of Ice

   Spells                             Type                      Level
   a - Ice Form                       Ice/Transmutation            4
   b - Metabolic Englaciation         Hexes/Ice                    5
   c - Ozocubu's Refrigeration        Ice                          6
   d - Bolt of Cold                   Conjuration/Ice              6
   e - Freezing Cloud                 Conjuration/Ice/Air          6
   f - Simulacrum                     Ice/Necromancy               6
   Trog disapproves of the use of such an item.
 T - a book of Beasts

   Spells                             Type                      Level
   a - Summon Butterflies             Summoning                    1
   b - Call Canine Familiar           Summoning                    3
   c - Summon Ice Beast               Ice/Summoning                4
   d - Summon Mana Viper              Hexes/Summoning              5
   e - Summon Hydra                   Summoning                    7
   Trog disapproves of the use of such an item.
Comestibles
 c - 42 rations
 A - 2 chunks of flesh


   Skills:
 + Level 15.2 Fighting
 + Level 19.3 Axes
 * Level 12.9 Armour
 * Level 8.3 Dodging


You had 13 spell levels left.
You didn't know any spells.

Dungeon Overview and Level Annotations

Branches:
Dungeon (11/15)            Temple (0/1) D:6            Lair (6/6) D:11
 Shoals (0/4) Lair:4        Snake (1/4) Lair:2        Slime (0/5) Lair:6
    Orc (2/2) D:10
    Elf: Orc:2

Altars:
Ashenzari
Cheibriados
Elyvilon
Gozag
Makhleb
Nemelex Xobeh
Okawaru
Qazlal
Sif Muna
Trog
Wu Jian
Yredelemnul
The Shining One
Beogh
Jiyva

Shops:
D:8 *   D:10 ?


Innate Abilities, Weirdness & Mutations

You reflexively headbutt those who attack you in melee.
You have a pair of horns on your head.
You are agile. (Dex +2)
You tend to lose your temper in combat.
You are dopey. (Int -2)


Message History

The wolf bites the bush!
The death yak gores you.
* * * LOW HITPOINT WARNING * * *
The death yak gores you but does no damage.
You turn to flesh and can move again.
You see here a runed triple crossbow {god gift}.
You feel yourself speed up.
The wolf bites the bush.
The wolf bites the bush but does no damage.
The death yak gores you.
* * * LOW HITPOINT WARNING * * *
The death yak gores you but does no damage.
The wolf bites the bush but does no damage.
The death yak barely misses you. The death yak gores you.
* * * LOW HITPOINT WARNING * * *
You hit the death yak.
Space bends around the death yak.
The death yak is severely wounded.
You slash the death yak!
Space bends around the death yak.
The wolf bites the bush but does no damage.
The death yak barely misses you.
The wolf bites the bush.
The death yak gores you!
You die...

## #.## ###
##..P######## #####.#
#...hY@..†..### #...##.
#P...Y##...P..####P.#.#
##...h.##.P....###....#
#.#÷..Y###....P#...###
#. #...Y..###...##.## #
#. #.....÷. #P...##.###
#. ....#..8.##.÷..##..#
# ...##.....#.....#...
#..## #..8.#...♣.##..


You could see 2 death yaks and 2 wolves.

Vanquished Creatures
  A stone giant (Orc:1)
  Erolcha (D:9)
  4 hydras
  A catoblepas (Lair:6)
  4 two-headed ogres
  4 death yaks
  Nergalle (D:11)
  An unseen horror (D:11)
  The ghost of Merkknight the Cleaver, a novice MiBe of Trog (D:6)
  3 lindwurms (Lair:5)
  Pikel (D:8)
  An ugly thing (D:11)
  3 merfolk sirens (Lair:4)
  7 elephants
  A guardian serpent (Lair:2)
  5 black mambas
  A torpor snail (Lair:5)
  9 spiny frogs
  A gargoyle (D:11)
  8 rime drakes
  4 komodo dragons
  A queen bee (Lair:6)
  3 meliai (Lair:6)
  A merfolk (Lair:4)
  4 polar bears
  A hornet (D:9)
  4 trolls
  Prince Ribbit (D:9)
  9 blink frogs
  10 hippogriffs
  9 dream sheep (Lair:6)
  A wraith (D:10)
  A spriggan (D:8)
  3 wyverns
  40 yaks
  4 basilisks
  A hungry ghost (D:7)
  The ghost of 2ustice the Skirmisher, an amateur DsFi of Yredelemnul (D:3)
  6 steam dragons (Lair:5)
  Grum (D:9)
  Edmund (D:5)
  A warg (Orc:1)
  9 water moccasins
  10 porcupines
  Duvessa (D:5)
  3 sky beasts
  4 orc warriors
  3 necrophages
  3 ice beasts
  6 ogres
  7 wolves
  9 crocodiles
  9 centaurs
  2 big kobolds (D:7)
  14 bullfrogs
  Blork the orc (D:4)
  Dowan (D:5)
  5 scorpions
  29 killer bees
  5 howler monkeys
  2 crimson imps
  A bullfrog zombie (D:9)
  A centaur zombie (D:5)
  5 hounds
  A quasit (D:11)
  5 orc priests
  4 jellies
  2 bullfrog skeletons
  2 centaur skeletons
  A gnoll shaman (D:9)
  4 orc wizards
  Jessica (D:3)
  2 iguanas
  15 worker ants
  A hell rat (Lair:4)
  A hound zombie (D:3)
  2 hound skeletons
  A worker ant zombie (D:8)
  10 adders
  15 gnolls
  3 shadow imps
  An ooze (D:8)
  An adder zombie (D:5)
  4 adder skeletons
  A worm (D:5)
  14 dart slugs
  6 leopard geckos
  32 orcs
  5 bats
  3 giant cockroaches
  6 goblins
  12 hobgoblins
  6 jackals
  20 kobolds
  3 quokkas
  3 frilled lizards
  A leopard gecko zombie (D:5)
  A quokka skeleton (D:7)
  2 quokka zombies
  5 rats
  2 fungi
  5 plants
498 creatures vanquished.

Vanquished Creatures (others)
  A wizard (D:3)
  2 elephants (Lair:6)
  A rime drake (Lair:5)
  A komodo dragon (Lair:6)
  A dream sheep (Lair:6)
  A killer bee (Lair:6)
  A worker ant zombie (D:9)
  2 fungi (Lair:6)
10 creatures vanquished.

Grand Total: 508 creatures vanquished

Notes
Turn   | Place    | Note
-------+----------+-------------------------------------------
     0 | D:1      | Merkknight the Minotaur Berserker began the quest for the Orb.
     0 | D:1      | Reached XP level 1. HP: 19/19 MP: 0/0
   240 | D:1      | Reached skill level 4 in Axes
   241 | D:1      | Reached XP level 2. HP: 24/27 MP: 1/1
   573 | D:1      | Reached XP level 3. HP: 14/33 MP: 2/2
   787 | D:1      | Reached ** piety under Trog
  1351 | D:2      | Found an iron altar of Okawaru.
  1965 | D:3      | Reached XP level 4. HP: 38/41 MP: 3/3
  1980 | D:3      | Found a bloodstained altar of Trog.
  1981 | D:3      | Noticed a wizard
  1986 | D:3      | Killed a wizard
  2063 | D:3      | Noticed Jessica
  2069 | D:3      | Killed Jessica
  2069 | D:3      | Reached skill level 5 in Axes
  2165 | D:3      | Found a shattered altar of Ashenzari.
  2166 | D:3      | Found a burning altar of Makhleb.
  2206 | D:3      | Found a white marble altar of Elyvilon.
  2310 | D:3      | Found a basalt altar of Yredelemnul.
  2419 | D:3      | Noticed 2ustice's ghost (amateur DsFi)
  2439 | D:3      | Killed 2ustice's ghost
  2439 | D:3      | Reached skill level 5 in Fighting
  2439 | D:3      | Reached skill level 6 in Axes
  2439 | D:3      | Reached XP level 5. HP: 43/48 MP: 4/4
  2605 | D:3      | Found a stormy altar of Qazlal.
  2606 | D:3      | Found a glowing golden altar of the Shining One.
  2607 | D:3      | Found a deep blue altar of Sif Muna.
  2609 | D:3      | Found a bloodstained altar of Trog.
  2888 | D:4      | Reached XP level 6. HP: 14/56 MP: 5/5
  3242 | D:4      | HP: 1/56 [gnoll/flail (7)]
  3627 | D:4      | Reached skill level 7 in Axes
  3741 | D:4      | Noticed Blork the orc
  3750 | D:4      | Killed Blork the orc
  4148 | D:5      | Entered Level 5 of the Dungeon
  4148 | D:5      | Noticed Duvessa
  4148 | D:5      | Noticed Dowan
  4157 | D:5      | Killed Duvessa
  4157 | D:5      | Reached skill level 8 in Axes
  4157 | D:5      | Reached XP level 7. HP: 64/64 MP: 6/6
  4159 | D:5      | Killed Dowan
  4203 | D:5      | Got a shimmering trident
  4349 | D:5      | Reached *** piety under Trog
  4349 | D:5      | Reached skill level 9 in Axes
  4759 | D:5      | Found an opulent altar of Gozag.
  4760 | D:5      | Found a sparkling altar of Nemelex Xobeh.
  4949 | D:5      | Reached XP level 8. HP: 73/73 MP: 7/7
  4963 | D:5      | Noticed Edmund
  4978 | D:5      | Killed Edmund
  4978 | D:5      | Reached skill level 10 in Axes
  5334 | D:6      | Noticed Merkknight's ghost (novice MiBe)
  5348 | D:6      | Killed Merkknight's ghost
  5348 | D:6      | Reached skill level 11 in Axes
  5348 | D:6      | Reached XP level 9. HP: 68/82 MP: 8/8
  5738 | D:6      | Found an ornate altar of the Wu Jian Council.
  5913 | D:6      | Found a bloodstained altar of Trog.
  6067 | D:6      | Reached skill level 12 in Axes
  6114 | D:6      | Found a staircase to the Ecumenical Temple.
  6450 | D:7      | Reached **** piety under Trog
  6459 | D:7      | Reached skill level 13 in Axes
  6904 | D:7      | Found a snail-covered altar of Cheibriados.
  6913 | D:7      | Reached skill level 10 in Fighting
  7886 | D:8      | Noticed Pikel
  7892 | D:8      | Reached XP level 10. HP: 87/94 MP: 9/9
  7902 | D:8      | Killed Pikel
  7902 | D:8      | Reached skill level 14 in Axes
  8383 | D:8      | Found Pesonoux's Elemental Accessories.
  8501 | D:9      | Reached ***** piety under Trog
  8526 | D:9      | Noticed Prince Ribbit
  8617 | D:9      | Found an ornate altar of the Wu Jian Council.
  8670 | D:9      | Noticed Erolcha
  8698 | D:9      | Killed Erolcha
  8698 | D:9      | Reached skill level 15 in Axes
  9213 | D:9      | Killed Prince Ribbit
  9221 | D:9      | Noticed a two-headed ogre
  9486 | D:9      | Killed a two-headed ogre
  9486 | D:9      | Reached XP level 11. HP: 104/104 MP: 10/10
  9683 | D:9      | Noticed Grum
  9687 | D:9      | Reached skill level 16 in Axes
  9690 | D:9      | Killed Grum
 10103 | D:10     | Entered Level 10 of the Dungeon
 10140 | D:10     | Found a staircase to the Orcish Mines.
 10154 | D:10     | Found a roughly hewn altar of Beogh.
 10154 | D:10     | Noticed a two-headed ogre
 10161 | D:10     | Killed a two-headed ogre
 10224 | D:10     | Found Dexkiery's Magic Scroll Shop.
 10823 | Orc:1    | Entered Level 1 of the Orcish Mines
 10823 | Orc:1    | Noticed a two-headed ogre
 10831 | Orc:1    | Killed a two-headed ogre
 10978 | Orc:1    | Found a burning altar of Makhleb.
 11107 | Orc:1    | Found a roughly hewn altar of Beogh.
 11108 | Orc:1    | Noticed a stone giant
 11122 | Orc:1    | Killed a stone giant
 11543 | Orc:2    | Entered Level 2 of the Orcish Mines
 11554 | Orc:2    | Noticed an orc knight
 11559 | Orc:1    | Reached skill level 17 in Axes
 11811 | D:11     | Noticed a green ugly thing
 11817 | D:11     | Killed a green ugly thing
 11817 | D:11     | Reached skill level 5 in Armour
 11825 | D:11     | Noticed a death yak
 11825 | D:11     | Found a staircase to the Lair.
 11864 | D:11     | Killed a death yak
 12105 | D:11     | Reached XP level 12. HP: 82/115 MP: 11/11
 12128 | D:11     | Received a gift from Trog
 12273 | D:11     | Noticed Nergalle
 12428 | D:11     | Killed Nergalle
 12832 | D:11     | Got a flickering silver ring
 13308 | D:11     | Identified the ring of Cougig {rF+ Int+3} (You found it on level 11 of the Dungeon)
 13331 | D:11     | Noticed a two-headed ogre
 13336 | D:11     | Killed a two-headed ogre
 13407 | Lair:1   | Entered Level 1 of the Lair of Beasts
 14756 | Lair:2   | Found a staircase to the Snake Pit.
 14934 | Lair:2   | Reached skill level 5 in Dodging
 15052 | Lair:2   | Gained mutation: You are dopey. (Int -2) [potion of mutation]
 15052 | Lair:2   | Gained mutation: You tend to lose your temper in combat. [potion of mutation]
 15052 | Lair:2   | Gained mutation: You are agile. (Dex +2) [potion of mutation]
 15065 | Lair:2   | HP: 8/175 [poisoned by a spiny frog]
 15070 | Lair:2   | HP: 8/175 [poisoned by a spiny frog]
 15689 | Lair:2   | Reached skill level 10 in Armour
 16035 | Snake:1  | Entered Level 1 of the Snake Pit
 16067 | Lair:3   | Received a gift from Trog
 16092 | Lair:3   | Noticed a six-headed hydra
 16099 | Lair:3   | Killed a four-headed hydra
 17051 | Lair:4   | Reached XP level 13. HP: 103/125 MP: 12/12
 17067 | Lair:4   | Found a staircase to the Shoals.
 17429 | Lair:4   | Got a crystal hand axe
 17430 | Lair:4   | Lost intelligence.
 17430 | Lair:4   | Identified the +11 hand axe of Darkness {freeze, -Tele rElec Int-4 SInv} (You found it on level 4 of the Lair of Beasts)
 17485 | Lair:4   | Reached skill level 18 in Axes
 19306 | Lair:5   | Received a gift from Trog
 19719 | Lair:6   | Entered Level 6 of the Lair of Beasts
 19861 | Lair:6   | Reached skill level 15 in Fighting
 20336 | Lair:6   | Reached XP level 14. HP: 135/135 MP: 13/13
 20373 | Lair:6   | Found a viscous altar of Jiyva.
 20373 | Lair:6   | Found a staircase to the Slime Pits.
 20411 | Lair:6   | Reached skill level 19 in Axes
 20607 | Lair:6   | Reached ****** piety under Trog
 21062 | Lair:6   | Received a gift from Trog
 21076 | Lair:6   | Slain by a death yak

Skill      XL: |  1  2  3  4  5  6  7  8  9 10 11 12 13 14 |
---------------+-------------------------------------------+-----
Axes           | 4 6 8 9 11 13 15 17 18 19 | 19.3
Fighting       | 4 5 6 7 8 10 12 13 14 15 | 15.2
Armour         | 6 10 12 | 12.9
Dodging        | 3 5 7 8 |  8.3

Action                   |  1- 3 |  4- 6 |  7- 9 | 10-12 | 13-15 || total
-------------------------+-------+-------+-------+-------+-------++-------
Melee: Hand axe          |    71 |    93 |   325 |       |       ||   489
       Headbutt          |    11 |    17 |    81 |   118 |    84 ||   311
       War axe           |       |       |    43 |   310 |       ||   353
       Battleaxe         |       |       |       |   159 |   151 ||   310
       Executioner's axe |       |       |       |       |   152 ||   152
Invok: Berserk           |       |     3 |     2 |    10 |     8 ||    23
  Use: Scroll            |     3 |       |     1 |     2 |     1 ||     7
       Potion            |       |       |       |    19 |     7 ||    26
 Stab: Sleeping          |     1 |       |       |       |       ||     1
  Eat: Chunk             |     2 |     7 |    17 |    20 |    18 ||    64
       Ration            |       |     1 |       |     5 |     1 ||     7
Armor: Animal skin       |    13 |       |       |       |       ||    13
       Leather armour    |       |    11 |     2 |       |       ||    13
       Chain mail        |       |       |   179 |   215 |    30 ||   424
       Plate armour      |       |       |       |       |   153 ||   153
Dodge: Dodged            |    53 |    55 |   146 |   237 |   225 ||   716
